 Dungeon Crawl Stone Soup version 0.17.0-26-gececa24 (webtiles) character file.

198 McCoppin the Sneak (level 5, 10/22 HPs)
             Began as a Felid Artificer on Nov 20, 2015.
             Was a Follower of Nemelex Xobeh.
             Got out of the dungeon alive.
             The game lasted 00:20:37 (3614 turns).

McCoppin the Sneak (Felid Artificer)                Turns: 3614, Time: 00:20:37

Health: 10/22      AC:  2    Str:  6    XL:     5   Next: 47%
Magic:  10/19      EV: 18    Int: 13    God:    Nemelex Xobeh [*.....]
Gold:   66         SH:  0    Dex: 20    Spells: 0 memorised, 4 levels left
                                        Lives:  0   Deaths: 1

rFire  . . .     SeeInvis +       - Unarmed
rCold  . . .     Clarity  .     (armour unavailable)
rNeg   . . .     SustAt   .     (shield unavailable)
rPois  .         Gourm    .     (helmet unavailable)
rElec  .         Spirit   .     (cloak unavailable)
rCorr  .         Warding  .     (gloves unavailable)
rMut   +         Stasis   .     (boots unavailable)
MR     .....                    i - amulet of resist mutation
Stlth  ++++++....               m - ring of stealth
                                f - ring of magical power (curse)

@: quick, not resistant to hostile enchantments, very stealthy
A: no armour, no weapons or thrown items, claws 1, fangs 3, see invisible,
carnivore 3, speed 1, shaggy fur 2, slow metabolism 1, sharp paws
a: Renounce Religion


You escaped.
You worshipped Nemelex Xobeh.
Nemelex Xobeh was aware of your devotion.
You were not hungry.

You visited 1 branch of the dungeon, and saw 4 of its levels.
You also visited: Ossuary.

You collected 86 gold pieces.

Inventory:

Armour
 n - a cursed +0 large shield
Jewellery
 f - a cursed ring of magical power (left paw)
 i - an amulet of resist mutation (around neck)
 m - a ring of stealth (right paw)
 p - an uncursed ring of flight
Wands
 a - a wand of flame (0)
 b - a wand of enslavement (9)
 c - a wand of random effects (2)
 w - a wand of digging (2)
Scrolls
 e - a scroll of remove curse {unknown}
 j - a scroll of enchant weapon {unknown}
 l - a scroll of recharging {unknown}
 y - a scroll of enchant armour
 A - a scroll of amnesia {unknown}
 B - a scroll of fear {unknown}
Potions
 g - 2 potions of curing
 k - a potion of lignification {unknown}
 o - 3 potions of invisibility {unknown}
 r - a potion of ambrosia {unknown}
 x - a potion of might {unknown}
 z - a potion of flight {unknown}
Miscellaneous
 t - a plain deck of wonders {drawn: 9}
 u - a plain deck of escape {drawn: 1}
Comestibles
 d - 2 meat rations
 s - a beef jerky


   Skills:
 - Level 1.0 Fighting
 - Level 2.6 Dodging
 + Level 7.7 Stealth
 - Level 1.0 Unarmed Combat
 * Level 5.4 Evocations


You had 4 spell levels left.
You didn't know any spells.

Dungeon Overview and Level Annotations

Branches:
Dungeon (4/15)
 Temple: D:4-7

Altars:
Nemelex Xobeh
Okawaru
Qazlal
Ru
The Shining One


Innate Abilities, Weirdness & Mutations

You cannot wear armour.
You are incapable of wielding weapons or throwing items.
You have sharp claws.
You have razor-sharp teeth.
You have supernaturally acute eyesight.
You are carnivorous and can eat meat at any time.
You cover ground quickly.
You are covered in thick fur (AC +2).
You have a slow metabolism.
Your sharp claws are effective at attacking unaware monsters.


Message History

(D) Dungeon
Where to? (Enter - D:2 @ (x,y), ? - help)
What level of the Dungeon? (default 1, ? - help)
There is a stone staircase leading up here.
You climb upwards.
There is a stone staircase leading down here.
A goblin comes into view.
Evoke which item? (* to show all) (? for menu, Esc to quit)
You draw a card...
It is the Mercenary.
You cannot afford Govit's fee of 322 gold!
Govit attacks!
Govit the merfolk comes into view. It is wielding an antimagic trident.
There is a staircase leading out of the dungeon here.
Are you sure you want to leave the Dungeon?
This will make you lose the game!
Alright, then stay!
Are you sure you want to leave the Dungeon?
This will make you lose the game!
Govit hits you with an antimagic trident!
Ouch! That really hurt!
You feel your power leaking away.
You have escaped!

#..##..##...#.#[...#.##
##.)....#P.P#.....#..#
#.##.#.#P.P#..##...##
#..#.#.#P.P#.###..###
##.).###PgP#####....####
##...##P.P####..##....###
#.#.##P.P#...(..##......
#.#.##PmP##...#.........
###.#.##P@P#..####..#.###
###...#.##P.P####.......#
#...###..#P.P#........###
#.### ####P.P#(...###.#
###.########P.P######
#.### ###...#......#P.P#
#...## #.......##...#P.P#
###..###
##.#.######.###P.P####
##..># .....###
#(#.#...#..#########...


You could see Govit the merfolk and a goblin.

Vanquished Creatures
  2 scorpions (Ossuary)
  A human zombie (Ossuary)
  A hound (D:4)
  Terence (D:3)
  4 adders
  2 scorpion zombies (Ossuary)
  A shadow imp (D:4)
  An ooze (D:3)
  2 worms (D:2)
  An orc (D:4)
  A ball python (D:1)
  7 bats
  3 giant cockroaches
  7 hobgoblins
  5 kobolds
  3 giant geckos
  2 giant newts
  7 goblins
  A goblin zombie (Ossuary)
  10 rats
62 creatures vanquished.

Vanquished Creatures (collateral kills)
  The ghost of dxctxrx the Covered, an amateur MiFi (D:3)
  A giant cockroach (D:1)
2 creatures vanquished.

Vanquished Creatures (others)
  A hobgoblin (D:1)
  A ball python (D:3)
2 creatures vanquished.

Grand Total: 66 creatures vanquished

Notes
Turn   | Place    | Note
--------------------------------------------------------------
     0 | D:1      | McCoppin the Felid Artificer began the quest for the Orb.
     0 | D:1      | Reached XP level 1. HP: 9/9 MP: 4/4
   521 | D:1      | Reached XP level 2. HP: 12/12 MP: 5/5
  1166 | D:1      | Reached XP level 3. HP: 15/15 MP: 6/6
  1257 | D:2      | Reached skill level 4 in Evocations
  1294 | D:2      | Found a stormy altar of Qazlal.
  1295 | D:2      | Found a glowing golden altar of the Shining One.
  1295 | D:2      | Found an iron altar of Okawaru.
  1748 | D:2      | Found a sacrificial altar of Ru.
  1857 | D:2      | Reached XP level 4. HP: 19/19 MP: 8/8
  1873 | D:2      | Reached skill level 5 in Stealth
  2099 | D:3      | Found a sparkling altar of Nemelex Xobeh.
  2107 | D:3      | Became a worshipper of Nemelex Xobeh the Trickster
  2114 | D:3      | Found a stormy altar of Qazlal.
  2114 | D:3      | Received a gift from Nemelex Xobeh
  2116 | D:3      | Noticed Riesen
  2262 | D:3      | Noticed Terence
  2289 | D:3      | Terence (ally) was killed
  2289 | D:3      | Your ally died
  2346 | D:3      | Noticed dxctxrx's ghost (amateur MiFi)
  2348 | D:3      | Noticed Koyhut
  2369 | D:3      | Killed dxctxrx's ghost
  2369 | D:3      | Reached skill level 6 in Stealth
  2369 | D:3      | Reached XP level 5. HP: 16/22 MP: 9/9
  2466 | D:3      | Reached skill level 7 in Stealth
  2520 | D:4      | Noticed an ogre
  2561 | D:4      | Found a sand-covered staircase.
  2638 | Ossuary  | Entered an ossuary
  2659 | Ossuary  | Gained mutation: You are covered in thick fur (AC +2). [Felid growth]
  2659 | Ossuary  | Reached XP level 6. HP: 19/25 MP: 10/10
  2677 | Ossuary  | Reached skill level 5 in Evocations
  2941 | Ossuary  | Drew Focus: Dex increased to 20, Str decreased to 6
  3173 | Ossuary  | Reached * piety under Nemelex Xobeh
  3175 | Ossuary  | Received a gift from Nemelex Xobeh
  3219 | Ossuary  | Noticed Haahof
  3223 | Ossuary  | Demolished by Haahof the merfolk
  3224 | Ossuary  | Reached XP level 5. HP: -16/22 MP: 19/19
  3246 | D:4      | Noticed Nahud
  3275 | D:3      | HP: 1/22 [Koyhut the big kobold/short sword of protection[the player character] (5)]
  3611 | D:1      | Noticed Govit
  3614 | D:$      | Got out of the dungeon alive.

Action                   |  1- 3 |  4- 6 || total
-------------------------+-------+-------++-------
Melee: Unarmed           |    87 |    82 ||   169
Evoke: Wand              |    12 |    22 ||    34
       Deck              |       |    16 ||    16
  Use: Scroll            |     2 |     1 ||     3
       Potion            |       |     3 ||     3
 Stab: Sleeping          |    14 |     9 ||    23
       Paralysed         |       |     1 ||     1
  Eat: Chunk             |     9 |     2 ||    11
